 Dungeon Crawl Stone Soup version 0.24.0-41-g2ae2f7f1be (webtiles) character file.

Game seed: 1621527057382108374, levelgen mode: deterministic

25 Belissa the Caller (level 2, 0/20 HPs)
             Began as a Mummy Summoner on Dec 9, 2019.
             Slain by a kobold
             ... wielding a +0 short sword
              (5 damage)
             ... on level 3 of the Dungeon on Dec 10, 2019.
             The game lasted 00:28:30 (1529 turns).

Belissa the Caller (Mummy Summoner)                 Turns: 1529, Time: 00:28:31

Health: 0/20       AC:  4    Str: 11    XL:     2   Next: 82%
Magic:  6/6        EV: 12    Int: 14    God:
Gold:   25         SH:  0    Dex: 12    Spells: 4/7 levels left

rFire    x . .     SeeInvis .   g - +0 hunting sling
rCold    + . .     Gourm    .   (no shield)
rNeg     + + +     Faith    .   a - +0 robe
rPois    ∞         Spirit   .   (no helmet)
rElec    .         Reflect  .   c - +1 cloak
rCorr    .         Harm     .   (no gloves)
MR       .....                  (no boots)
Stlth    ++........             (no amulet)
HPRegen  0.06/turn              (no ring)
MPRegen  0.10/turn              (no ring)

@: no status effects
A: no food or potions, fire vulnerability, cold resistance 1, negative energy
resistance 3, torment resistance, unbreathing
a: no special abilities


You were on level 3 of the Dungeon.
You were not hungry.

You visited 1 branch of the dungeon, and saw 3 of its levels.

You collected 25 gold pieces.

Inventory:

Hand Weapons
 e - a +0 dagger
 g - a +0 hunting sling (weapon)
Missiles
 b - 5 boomerangs
 f - 42 stones (quivered)
Armour
 a - a +0 robe (worn)
 c - a +1 cloak (worn)


   Skills:
 - Level 0.7 Fighting
 - Level 0.1 Short Blades
 + Level 0.2 Slings
 + Level 1.9 Dodging
 + Level 1.7 Stealth
 + Level 3.1 Spellcasting
 + Level 3.4 Summonings


You had 4 spell levels left.
You knew the following spells:

 Your Spells              Type           Power        Failure   Level  Hunger
a - Summon Small Mammal   Summ           ##..         5%          1    N/A
b - Call Imp              Summ           ##......     8%          2    N/A

Your spell library contained the following spells:

 Spells                   Type           Power        Failure   Level  Hunger
 Call Canine Familiar     Summ           ##......     16%         3    N/A
 Confusing Touch          Hex            #.....       22%         1    N/A
 Summon Guardian Golem    Hex/Summ       #.......     30%         3    N/A
 Confuse                  Hex            #.......     54%         3    N/A
 Gell's Gravitas          Tloc           #.........   54%         3    N/A
 Summon Ice Beast         Ice/Summ       #.......     71%         4    N/A
 Summon Lightning Spire   Summ/Air       #.......     71%         4    N/A
 Petrify                  Tmut/Erth      #.......     91%         4    N/A
 Metabolic Englaciation   Hex/Ice        #.........   99%         5    N/A
 Yara's Violent Unravell  Hex/Tmut       #.........   99%         5    N/A

Dungeon Overview and Level Annotations

Branches:
Dungeon (3/15)

Altars:


Innate Abilities, Weirdness & Mutations

You do not eat or drink.
Your flesh is vulnerable to fire.
You are immune to poison.
Your flesh is cold resistant. (rC+)
You are immune to negative energy. (rN+++)
You are immune to unholy pain and torment.
You can survive without breathing.


Message History

The kobold hits you with a +0 short sword.
The bat hits you but does no damage. The bat barely misses you.
The giant cockroach barely misses you.
The bat hits you but does no damage. x2; The bat barely misses you.
The bat hits you but does no damage. The bat barely misses you.
The bat hits you.
Found a scroll labeled YXYJYT ROAP.
The bat misses you. The bat barely misses you. The worm bites you.
The bat barely misses you. x2; The worm closely misses you.
The bat hits you but does no damage. The bat completely misses you.
The bat hits you but does no damage.
The giant cockroach bites you but does no damage.
The bat hits you but does no damage. The bat barely misses you.
The giant cockroach bites you. The worm bites you.
* * * LOW HITPOINT WARNING * * *
The kobold barely misses you. The bat closely misses you.
The bat hits you but does no damage. x2
The giant cockroach barely misses you.
The kobold hits you with a +0 short sword.
You die...

#.........#
#.........#
#.....?...# ..#
..#.#.........#
!..####.............#
.#..#..............##
.........#...b.....#
##.............@w..#
.#........#....Kbs..#
..........#.......).#
.......<..#?........#
....#.....##........#
. .#...............#
...................#
....#...###........#
...####$.. #........#


You could see a worm, a giant cockroach, 2 bats and a kobold.

Vanquished Creatures
  A leopard gecko (D:2)
  An orc (D:2)
  5 bats
  A goblin (D:2)
  A hobgoblin (D:2)
  A frilled lizard (D:2)
  A kobold (D:2)
  2 rats (D:1)
13 creatures vanquished.

Vanquished Creatures (collateral kills)
  A bat (D:2)
  A giant cockroach (D:1)
  2 goblins (D:1)
  2 hobgoblins
  3 frilled lizards (D:1)
  6 kobolds (D:2)
  A rat (D:1)
16 creatures vanquished.

Grand Total: 29 creatures vanquished

Notes
Turn   | Place    | Note
-------+----------+-------------------------------------------
     0 | D:1      | Belissa the Mummy Summoner began the quest for the Orb.
     0 | D:1      | Reached XP level 1. HP: 13/13 MP: 4/4
   752 | D:1      | Reached XP level 2. HP: 20/20 MP: 3/5
   756 | D:1      | Learned a level 2 spell: Call Imp
  1529 | D:3      | Slain by a kobold

Levels and vault maps discovered:
D:1:      lemuel_arrival_room, layout_loops_ring, due_unseen_surprise
D:2:      layout_rooms, chequers_ecumenical_altar_simple_redux,
          minmay_goblin_kobold_house
D:3:      layout_rooms

Skill      XL: |  1  2 |
---------------+-------+-----
Spellcasting   | 3 |  3.1
Fighting       | |  0.7
Short Blades   | |  0.1
Slings         | |  0.2
Dodging        | |  1.9
Stealth        | |  1.7
Summonings     | |  3.4

Action                   || total
-------------------------++-------
Melee: Unarmed           ||    14
       Dagger            ||    13
 Fire: Hunting sling     ||    37
 Cast: Summon Small Mamm ||    23
       Call Imp          ||     8
  Use: Scroll            ||     2
 Stab: Sleeping          ||     3
Armor: Robe              ||    31
Dodge: Dodged            ||    81
